 Dungeon Crawl Stone Soup version 0.20-a0-1058-g0491fde (webtiles) character file.

28 Alarkh the Insei (level 3, 24/26 HPs)
             Began as a Demonspawn Transmuter on Apr 26, 2017.
             Got out of the dungeon alive.
             The game lasted 00:00:50 (1174 turns).

Alarkh the Insei (Demonspawn Transmuter)            Turns: 1174, Time: 00:00:51

Health: 24/26      AC:  2    Str: 10    XL:     3   Next: 0%
Magic:  6/6        EV: 12    Int: 15    God:
Gold:   48         SH:  0    Dex: 13    Spells: 5/6 levels left

rFire    . . .     SeeInvis .     - Unarmed
rCold    . . .     Gourm    .   (no shield)
rNeg     . . .     Faith    .   b - +0 robe
rPois    .         Spirit   .   (helmet restricted)
rElec    .         Reflect  .   (no cloak)
rCorr    .         Harm     .   (no gloves)
MR       .....                  (no boots)
Stlth    +.........             (no amulet)
Regen    0.1/turn               (no ring)
MPRegen  0.1/turn               (no ring)

@: no status effects
A: antennae 1, claws 1
a: no special abilities


You escaped.
You were not hungry.

You visited 1 branch of the dungeon, and saw 1 of its levels.

You collected 48 gold pieces.

Inventory:

Missiles
 a - 12 arrows
Armour
 b - a +0 robe (worn)
Scrolls
 e - a scroll of enchant weapon {unknown}
 f - 2 scrolls of remove curse {unknown}
 g - 2 scrolls of teleportation {unknown}
Books
 c - a book of Changes

   Spells                             Type                      Level
   a - Beastly Appendage              Transmutation                1
   b - Sticks to Snakes               Transmutation                2
   c - Spider Form                    Transmutation/Poison         3
   d - Ice Form                       Ice/Transmutation            4
   e - Blade Hands                    Transmutation                5
Comestibles
 d - 2 bread rations
 h - 2 chunks of flesh


   Skills:
 + Level 1.5 Fighting
 + Level 2.1 Dodging
 * Level 3.3 Unarmed Combat
 - Level 2.0 Spellcasting
 - Level 1.7 Transmutations


You had 5 spell levels left.
You knew the following spells:

 Your Spells              Type           Power        Failure   Level  Hunger
a - Beastly Appendage     Tmut           #.....       11%         1    #......


Dungeon Overview and Level Annotations

Branches:
Dungeon (1/15)

Altars:


Innate Abilities, Weirdness & Mutations

You have a pair of small antennae on your head.
You have sharp fingernails.


Message History

The kobold hits you but does no damage.
Casting: Beastly Appendage
Confirm with . or Enter, or press ? or * to list all spells.
You miscast Beastly Appendage.
You are very lightly contaminated with residual magic.
You smell something strange.
The kobold closely misses you.
You completely miss the kobold. The kobold barely misses you.
You closely miss the kobold. The kobold hits you with a whip.
You scratch the kobold.
You kill the kobold!
You have reached level 3!
Your experience leads to an increase in your attributes!
Increase (S)trength, (I)ntelligence, or (D)exterity?
You feel clever.
Your demonic ancestry asserts itself...
A pair of antennae grows on your head!
Your magical contamination has completely faded away.
There is an open door here.
There is a staircase leading out of the dungeon here.
Are you sure you want to leave the Dungeon?
This will make you lose the game!
You have escaped!

##########
#........#
#........# #....
#......@.# #....#
#........# #....#
#........#
#....########'#####
........#####.######
#....##.#..........#
.....##.#..≈≈≈≈..8.#
.....').#..........#
.....####.##########


There were no monsters in sight!

Vanquished Creatures
  A gnoll (D:1)
  2 dart slugs (D:1)
  A leopard gecko (D:1)
  A bat (D:1)
  A goblin (D:1)
  A hobgoblin (D:1)
  3 kobolds (D:1)
  4 rats (D:1)
14 creatures vanquished.

Notes
Turn   | Place    | Note
-------+----------+-------------------------------------------
     0 | D:1      | Alarkh the Demonspawn Transmuter began the quest for the Orb.
     0 | D:1      | Reached XP level 1. HP: 15/15 MP: 3/3
   621 | D:1      | Reached skill level 3 in Unarmed Combat
   621 | D:1      | Gained mutation: You have sharp fingernails. [demonic ancestry]
   621 | D:1      | Reached XP level 2. HP: 9/21 MP: 3/5
  1107 | D:1      | Gained mutation: You have a pair of small antennae on your head. [demonic ancestry]
  1107 | D:1      | Reached XP level 3. HP: 19/26 MP: 4/6
  1174 | D:$      | Got out of the dungeon alive.

Vault maps used:
D:1:      dpeg_arrival_rooms_c, minmay_misc_feat_nine_boxes

Skill      XL: |  1 |
---------------+----+-----
Dodging        | 2 |  2.1
Unarmed Combat | 3 |  3.3
Fighting       | |  1.5
Spellcasting   | |  2.0
Transmutations | |  1.7

Action                   || total
-------------------------++-------
Melee: Unarmed           ||    53
       Headbutt          ||     3
       Kick              ||     1
 Cast: Beastly Appendage ||     4
  Eat: Chunk             ||     1
Armor: Robe              ||     4
Dodge: Dodged            ||    28
